 Dungeon Crawl Stone Soup version 0.27.1-33-g824d729ab1 (webtiles) character file.

Game seed: 1076710002764371313

458106 potato4science the Hoplite (level 23, -16/369 HPs)
             Began as a Minotaur Berserker on Dec 16, 2021.
             Was a High Priest of Trog.
             Demolished by a phantasmal warrior (31 damage)
             ... on level 5 of the Vaults.
             The game lasted 05:25:38 (64024 turns).

potato4science the Hoplite (Minotaur Berserker)    Turns: 64024, Time: 05:25:39

Health: -16/369    AC: 31    Str: 31    XL:     23   Next: 31%
Magic:  19/19      EV: -1    Int:  4    God:    Trog [*****.]
Gold:   2791       SH: 34    Dex: 11    Spells: 22/22 levels left

rFire    + + .     SeeInvis .   a - +7 broad axe (flame)
rCold    + . .     Faith    .   W - +2 tower shield
rNeg     + + +     Spirit   .   (armour currently unavailable)
rPois    +         Reflect  +   (helmet currently unavailable)
rElec    +         Harm     .   (cloak currently unavailable)
rCorr    +         Rampage  .   (gloves currently unavailable)
Will     ++++.     Rnd*Rage +   (boots currently unavailable) Stlth +.........NoTele +
                                E - amulet "Selolurcho" {Reflect Fly rN+ SH+5}
HPRegen  1.71/turn              N - ring of protection from fire
MPRegen  0.16/turn              w - ring "Wafeahur" {Will+ EV+4}

@: mighty, tree-form, resistant, flayed, strong-willed, regenerating, hasted,
constricted, studying 3 skills, very quick
A: stationary, stasis, torment immunity, boosted hp, (horns 2), (retaliatory
headbutt), berserk 1, low mp 1, robust 1
}: 2/15 runes: decaying, serpentine
a: Renounce Religion, Berserk, Trog's Hand, Brothers in Arms


You were on level 5 of the Vaults.
You worshipped Trog.
Trog was extremely pleased with you.
You were a tree.
You visited 8 branches of the dungeon, and saw 40 of its levels.
You visited the Abyss 2 times.
You also visited: Gauntlet, Ice Cave and Volcano.

You collected 5402 gold pieces.
You spent 2611 gold pieces at shops.

Inventory:

Hand Weapons
 a - a +7 broad axe of flaming (weapon)
 b - a +4 fustibalus of flaming
 v - the +8 war axe of Umaop {vamp, rElec rC+}
   (You bought it in a shop on level 1 of the Vaults)

   It occasionally heals its wielder for a portion of the damage dealt when it
   wounds a living foe.
   rC:        It protects you from cold.
   rElec:     It insulates you from electricity.
Missiles
 V - 18 sling bullets
Armour
 j - the +1 pair of gloves of Distant Worlds (melded) {Str+5 Int+4}
   (You bought it in a shop on level 2 of the Orcish Mines)

   Str:       It affects your strength (+5).
   Int:       It affects your intelligence (+4).
 z - a +1 hat (melded)
 G - the +2 pair of boots of Beos May (melded) {Dex+5}
   (You found it on level 3 of the Elven Halls)

   Dex:       It affects your dexterity (+5).
 K - the +4 plate armour of Eternal Vigilance (melded) {rPois Will+ Int+3}
   (You found it on level 3 of the Elven Halls)

   Int:       It affects your intelligence (+3).
   rPois:     It protects you from poison.
   Will:      It increases your willpower.
 T - a +2 cloak of preservation (melded)
 W - a +2 tower shield (worn)
Jewellery
 h - a ring of positive energy
 q - a ring of ice
 u - an amulet of the acrobat
 w - the ring "Wafeahur" (right branch) {Will+ EV+4}
   (You took it off a minotaur in a Gauntlet)

   [ring of evasion]

   EV:        It affects your evasion (+4).
   Will:      It increases your willpower.
 E - the amulet "Selolurcho" (around neck) {Reflect Fly rN+ SH+5}
   (You acquired it on level 13 of the Dungeon)

   [amulet of reflection]

   It reflects blocked missile attacks.
   rN:        It protects you from negative energy.
   Fly:       It grants you flight.
   SH:        It affects your SH (+5).
 J - a +4 ring of protection
 L - a ring of willpower
 M - a ring of see invisible
 N - a ring of protection from fire (left branch)
Wands
 x - a wand of mindburst (69)
 C - a wand of digging (5)
 D - a wand of acid (9)
Scrolls
 e - 3 scrolls of enchant armour
 i - 18 scrolls of teleportation
 n - 4 scrolls of magic mapping
 r - a scroll of holy word
 t - a scroll of silence
 y - a scroll of blinking
 H - 3 scrolls of enchant weapon
 S - a scroll of summoning
 Z - 4 scrolls of fear
Potions
 f - 3 potions of magic
 g - 4 potions of curing
 k - 2 potions of berserk rage
 p - 2 potions of heal wounds
 s - 2 potions of haste
 A - 3 potions of might
 B - 4 potions of invisibility
 P - 5 potions of resistance
 U - 3 potions of ambrosia
 X - 5 potions of lignification
 Y - 3 potions of cancellation
Miscellaneous
 c - a lightning rod (4/4)
 d - a condenser vane
 m - a phial of floods
 F - a box of beasts
 I - a piece from Xom's chessboard (15/15)
 Q - a phantom mirror


   Skills:
 + Level 22.5 Fighting
 - Level 18.0 Axes
 * Level 6.8 Slings
 + Level 22.4 Armour
 - Level 17.1 Dodging
 - Level 25.0 Shields
 + Level 6.3 Evocations


You had 22 spell levels left.
You didn't know any spells.
Your spell library was empty.

Dungeon Overview and Level Annotations

Branches:
Dungeon (15/15)            Temple (1/1) D:7            Lair (6/6) D:11
  Swamp (4/4) Lair:4        Snake (4/4) Lair:4        Slime (0/5) Lair:6
    Orc (2/2) D:10            Elf (3/3) Orc:2        Vaults (5/5) D:14
  Crypt (0/3) Vaults:3     Depths (0/5) D:15          IceCv (visited)
Volcano (visited)         Gauntlet (visited)

Altars:
Ashenzari
Cheibriados
Dithmenos
Elyvilon
Fedhas
Gozag
Hepliaklqana
Kikubaaqudgha
Makhleb
Nemelex Xobeh
Okawaru
Qazlal
Ru
Sif Muna
Trog
Uskayaw
Vehumet
Wu Jian
Xom
Yredelemnul
Zin
The Shining One
Beogh
Jiyva

Shops:
D:12 (   Orc:2 *:[[   Elf:1 *   Elf:3 ?*   Snake:1 *   Snake:3 [   Vaults:1 ([
Vaults:3 *   Vaults:4 (

Portals:
Trove: D:15 (give +7 demon trident)

Annotations:
Vaults:1 1 exclusion
Vaults:5 Jory


Innate Abilities, Weirdness & Mutations

You are a tree.
Your roots penetrate the ground, keeping you stationary.
You cannot be teleported.
You are immune to unholy pain and torment.
Your maximum health is greatly increased.
Your equipment is partially melded.
((You have a pair of horns on your head.))
((You reflexively headbutt those who attack you in melee.))
You tend to lose your temper in combat.
Your magical capacity is low. (-10% MP)
You are robust. (+10% HP)


Message History

The tengu reaver claws you but does no damage.
The war gargoyle hits you with a +0 great mace.
* * * LOW HITPOINT WARNING * * *
You feel protected.
You block the phantasmal warrior's attack. x2
The titan waves its arms in wide circles.
The air twists around and strikes you!
* * * LOW HITPOINT WARNING * * *
The ironbound preserver mumbles some strange words.
The ironbound preserver begins to accept its allies' injuries.
The tentacled monstrosity completely misses you.
You furiously retaliate!
You headbutt the tentacled monstrosity!!
The tentacled monstrosity tentacle-slaps you but does no damage.
The tentacled monstrosity misses you.
The tentacled monstrosity constricts you.
The phantasmal warrior blinks!
The phantasmal warrior hits you but does no damage.
You block the war gargoyle's attack. You block the stone giant's attack.
Really quaff the potion of lignification? [Y]es or [N]o only, please.
Really quaff the potion of lignification?
Uppercase [Y]es or [N]o only, please.
Really quaff the potion of lignification?
You turn into a tree.
Your +2 cloak of preservation melds into your body.
Your +1 hat melds into your body.
The +1 pair of gloves of Distant Worlds {Str+5 Int+4} melds into your body.
The +2 pair of boots of Beos May {Dex+5} melds into your body.
The +4 plate armour of Eternal Vigilance {rPois Will+ Int+3} melds into your body.
Your roots penetrate the ground.
You block the tengu reaver's attack.
The tengu reaver pecks you but does no damage.
You block the tengu reaver's attack. x3
The tengu reaver claws you but does no damage.
The flayed ghost stares at you with tortured malice.
Terrible wounds spread across more of your body!
* * * LOW HITPOINT WARNING * * *
The phantasmal warrior hits you but does no damage.
The phantasmal warrior hits you!!
You die...

)..#....TD#....#
..#.......#....# ..
.#......TD#....# ##..
#......T..#....# ..#
........).#....###..#
..........#.p..#..#
.........T.TCCW...#
#########.pc9XW÷.######
.......DCQ♣CC.......
........{WWQDC......
.........WpeW.......
.........[p.........
######......pO######
.^.......W.p.§.
.#.#.#....#.....
.....#....#......
.##.#.#....#.....#


You could see a shadow dragon (strong, sheltered), a tentacled monstrosity
(sheltered), an ironbound preserver (empowered), 2 titans, a storm dragon
(sheltered), 2 iron trolls, 4 stone giants, 3 vault wardens, 2 tengu reavers, a
yaktaur captain (strong, sheltered), a flayed ghost (sheltered), an ogre mage
(empowered, sheltered), a war gargoyle (sheltered), a deep elf high priest
(brilliance aura, sheltered), 6 phantasmal warriors, 2 ironbound convokers and a
deep troll earth mage (strong, empowered, sheltered).

Vanquished Creatures
  Mara (Swamp:4)
  The ghost of Jed the Slayer, a veteran HOFi of Qazlal (Vaults:2)
  Vashnia (Snake:3)
  Nikola (Elf:1)
  A tentacled monstrosity (Swamp:2)
  2 titans (Vaults:5)
  A deep elf blademaster (Elf:3)
  5 sphinxes
  A deep elf master archer (Elf:3)
  A storm dragon (Vaults:5)
  A tengu reaver (Vaults:2)
  2 thorn hunters
  Kirke (Snake:4)
  4 nagarajas (Snake:4)
  A frost giant (IceCv)
  12 vault wardens
  5 deep elf sorcerers (Elf:3)
  4 orc warlords
  Aizul (Snake:1)
  A cacodemon (Abyss:3)
  Louise (Snake:4)
  2 ghouls (Swamp:4)
  The ghost of Kae the Blocker, a journeyman DDFi of Makhleb (Lair:5)
  5 deep elf elementalists (Elf:3)
  A war gargoyle (Vaults:5)
  23 ironbound preservers
  6 very ugly things
  3 stone giants (Vaults:5)
  12 deep elf annihilators (Elf:3)
  7 deep elf demonologists
  An entropy weaver (Vaults:1)
  6 bunyips
  A minotaur (Gauntlet)
  6 dire elephants
  3 deep elf death magi (Elf:3)
  5 great orbs of eyes
  4 eleionomae
  Fannar (D:10)
  8 yaktaur captains
  10 ironbound thunderhulks
  6 deep elf high priests
  43 vault guards
  Harold (D:7)
  A boulder beetle (Lair:5)
  12 naga warriors
  Erolcha (D:12)
  13 anacondas
  6 salamander tyrants
  26 hydras
  A hell beast (Gauntlet)
  An ogre mage (Vaults:1)
  3 death knights
  12 alligators
  3 ironbound frosthearts
  7 two-headed ogres
  27 dancing weapons
  5 tengu warriors
  21 centaur warriors
  9 ironbound beastmasters
  2 death yaks (IceCv)
  A thrashing horror (Abyss:3)
  2 spriggan berserkers (Swamp:4)
  5 orc high priests (Orc:2)
  6 shock serpents
  17 naga sharpshooters
  Urug (D:11)
  2 sun demons
  5 wretched stars
  A titan skeleton (Vaults:4)
  18 deep elf knights
  5 salamander mystics
  2 sixfirhies (Abyss:3)
  20 swamp dragons
  A glowing orange brain (Vaults:1)
  2 skeletal warriors
  2 deep trolls (shapeshifter) (Vaults:5)
  4 bog bodies
  5 spriggan druids
  9 goliath frogs
  10 naga ritualists
  57 deep trolls
  10 deep elf archers
  23 ironbound convokers
  16 wizards
  18 orc knights
  2 necromancers
  15 lindwurms
  29 deep elf pyromancers
  3 phantasmal warriors
  8 orc sorcerers
  A tengu skeleton (Vaults:4)
  36 deep elf zephyrmancers
  46 ugly things
  10 mana vipers
  7 large abominations
  21 salamanders
  6 will-o-the-wisps
  3 cyclopes
  A human zombie (Vaults:4)
  3 elephants (Lair:6)
  38 black mambas
  An ice statue (IceCv)
  Joseph (D:8)
  6 guardian serpents
  2 apocalypse crabs
  3 smoke demons
  An orange demon (Abyss:3)
  14 naga magi
  21 cane toads
  2 molten gargoyles (Volcano)
  11 vault sentinels
  An eye of devastation (shapeshifter) (Vaults:4)
  An unseen horror (D:10)
  14 yaktaurs
  A yaktaur (shapeshifter) (Vaults:3)
  2 tengu conjurers
  An efreet (D:14)
  A spectral naga (Snake:1)
  A rime drake (Lair:3)
  3 kobold demonologists
  8 komodo dragons
  3 ice devils
  3 freezing wraiths
  3 yaktaur skeletons (Vaults:1)
  2 ancient zymes (Abyss:3)
  13 trolls
  12 hornets
  A bloated husk (Swamp:3)
  9 tyrant leeches
  12 polar bears (IceCv)
  21 slime creatures
  4 dream sheep (Lair:6)
  An ettin zombie (Vaults:4)
  8 raiju
  A stone giant simulacrum (Abyss:3)
  16 blink frogs
  A centaur simulacrum (D:15)
  3 wraiths
  2 shadows
  A human simulacrum (Vaults:4)
  The ghost of Ceno the Ruffian, an amateur VSTm (D:5)
  12 spriggans
  4 water elementals
  4 air elementals
  2 wyverns
  2 ynoxinuls
  3 vampires
  A fire bat (Volcano)
  3 fire elementals
  83 yaks
  3 basilisks
  2 chaos spawn (Abyss:3)
  2 steam dragons
  3 hogs (Snake:4)
  The ghost of pkoi the Ruffian, an amateur DrGl of the Shining One (D:6)
  A yaktaur simulacrum (Vaults:1)
  26 vampire mosquitoes
  2 neqoxecs
  4 wargs
  44 nagas
  16 swamp worms
  13 water moccasins
  An acid dragon (D:10)
  5 hell hounds
  43 orc warriors
  11 swamp drakes
  2 ice beasts (D:5)
  2 necrophages (Swamp:4)
  2 black bears (shapeshifter)
  2 black bears
  4 boggarts (Vaults:1)
  19 ogres
  6 starcursed masses (Abyss:3)
  4 centaurs
  A phantom (D:6)
  6 small abominations (Abyss:3)
  26 wolves
  An orc skeleton (Vaults:1)
  17 bullfrogs
  3 kobold brigands
  A gnoll sergeant (D:9)
  2 scorpions
  2 earth elementals (Elf:3)
  A water moccasin zombie (D:5)
  A wyvern skeleton (D:7)
  6 wights
  4 electric eels (Lair:6)
  A howler monkey (D:6)
  7 lava snakes (Volcano)
  2 centaur zombies
  3 crimson imps (Gauntlet)
  An iron imp (Abyss:3)
  3 centaur skeletons
  2 jellies
  A gnoll shaman (D:9)
  42 orc priests
  3 iguanas
  A scorpion zombie (D:5)
  19 orc wizards
  6 hell rats (Lair:6)
  A hound skeleton (D:4)
  A mummy (D:8)
  A howler monkey zombie (D:5)
  17 gnolls
  9 adders
  A river rat (D:3)
  3 shadow imps
  2 white imps
  2 ufetubi
  2 adder skeletons (D:4)
  A worm (D:2)
  A dart slug (D:4)
  136 orcs
  4 ball pythons
  5 endoplasms
  6 giant cockroaches
  8 goblins
  7 hobgoblins
  18 kobolds
  3 quokkas
  3 bats
  5 frilled lizards
  A hobgoblin zombie (D:8)
  2 kobold zombies
  2 orc zombies (D:8)
  8 rats
  2 briar patches (Swamp:3)
1781 creatures vanquished.

Vanquished Creatures (collateral kills)
  Sojobo (Vaults:2)
  2 deep elf blademasters
  A tengu reaver (Vaults:2)
  Roxanne (Snake:3)
  A deep elf sorcerer (Elf:3)
  A deep elf elementalist (Elf:3)
  A deep elf demonologist (Elf:3)
  A deep elf annihilator (Elf:3)
  A deep elf death mage (Elf:3)
  A yaktaur captain (Vaults:2)
  Snorg (D:11)
  A hydra (D:12)
  An ironbound frostheart (Vaults:2)
  A dancing weapon (Elf:2)
  A death knight (D:15)
  A naga sharpshooter (Snake:3)
  2 deep elf knights (Elf:2)
  A deep elf archer (Elf:3)
  2 orc knights (Vaults:2)
  A deep elf pyromancer (Elf:2)
  6 deep elf zephyrmancers
  3 ugly things (D:15)
  A salamander (Snake:3)
  2 yaktaurs (Vaults:2)
  2 tyrant leeches (D:11)
  Sigmund (D:5)
  2 wraiths (D:15)
  A naga (Snake:3)
  An orc warrior (Vaults:2)
  2 orcs (Vaults:2)
44 creatures vanquished.

Vanquished Creatures (others)
  A deep elf knight (Elf:1)
  2 wizards (Vaults:1)
  3 deep elf zephyrmancers
  A naga mage (Snake:3)
  A freezing wraith (Vaults:5)
  2 bloated husks (Swamp:1)
  4 humans (Snake:4)
  A swamp worm (Swamp:1)
  An orc priest (Orc:2)
  A quokka (D:7)
  3 briar patches (Swamp:3)
  22 foxfires
  25 fungi
  90 plants
  2 withered plants (Vaults:2)
159 creatures vanquished.

Grand Total: 1984 creatures vanquished

Notes
Turn   | Place    | Note
-------+----------+-------------------------------------------
     0 | D:1      | potato4science the Minotaur Berserker began the quest for
                  | the Orb.
     0 | D:1      | Reached XP level 1. HP: 19/19 MP: 0/0
   509 | D:1      | Reached XP level 2. HP: 25/27 MP: 1/1
   921 | D:1      | Reached XP level 3. HP: 33/33 MP: 2/2
  1258 | D:2      | Reached ** piety under Trog
  1948 | D:3      | Reached XP level 4. HP: 39/41 MP: 3/3
  2246 | D:3      | Found a runed translucent door.
  2307 | D:3      | Found a runed translucent door.
  2308 | D:3      | Noticed pkoi's ghost (amateur DrGl)
  2402 | D:2      | Reached XP level 5. HP: 23/47 MP: 4/4
  2654 | D:3      | Found a faded altar of an unknown god.
  2845 | D:3      | Reached skill level 5 in Axes
  3054 | D:4      | Reached skill level 5 in Fighting
  3151 | D:4      | Reached *** piety under Trog
  3183 | D:4      | Found a basalt altar of Yredelemnul.
  3185 | D:4      | Found a glowing golden altar of the Shining One.
  3187 | D:4      | Found a radiant altar of Vehumet.
  3284 | D:4      | Found a sacrificial altar of Ru.
  3672 | D:5      | Entered Level 5 of the Dungeon
  3724 | D:5      | Reached XP level 6. HP: 56/56 MP: 5/5
  3800 | D:5      | Found a runed translucent door.
  3806 | D:5      | Reached skill level 1 in Shields
  3809 | D:5      | Noticed Ceno's ghost (amateur VSTm)
  4011 | D:5      | Reached skill level 5 in Armour
  4144 | D:5      | Reached skill level 2 in Shields
  4163 | D:5      | Noticed an ice beast
  4191 | D:5      | Killed an ice beast
  4192 | D:5      | Reached XP level 7. HP: 62/62 MP: 6/6
  4795 | D:5      | Noticed Sigmund
  4802 | D:5      | Killed Sigmund
  4803 | D:5      | Reached skill level 3 in Shields
  5680 | D:5      | Reached XP level 8. HP: 71/71 MP: 7/7
  5686 | D:6      | Killed pkoi's ghost
  5687 | D:6      | Reached skill level 4 in Shields
  6065 | D:6      | Reached skill level 5 in Shields
  6246 | D:6      | Reached **** piety under Trog
  6462 | D:6      | Reached XP level 9. HP: 76/80 MP: 8/8
  7079 | D:7      | Reached skill level 5 in Dodging
  7097 | D:7      | Found a white marble altar of Elyvilon.
  7110 | D:7      | Noticed Harold
  7117 | D:7      | Killed Harold
  7118 | D:7      | Reached skill level 6 in Shields
  7333 | D:7      | Identified the +9 rapier of Attainder {spect, Fly rCorr
                  | Int-3 Stlth+}
  8161 | D:7      | Found a staircase to the Ecumenical Temple.
  8501 | Temple   | Entered the Ecumenical Temple
  8897 | D:8      | Reached skill level 7 in Shields
  8951 | D:8      | Noticed Joseph
  9004 | D:8      | Killed Joseph
  9164 | D:8      | Reached XP level 10. HP: 63/91 MP: 9/9
  9598 | D:8      | Found a hide-covered altar of Uskayaw.
 10488 | D:9      | Noticed a two-headed ogre
 10563 | D:9      | Reached skill level 8 in Shields
 11064 | D:9      | Found a shadowy altar of Dithmenos.
 11317 | D:9      | Killed a two-headed ogre
 11318 | D:9      | Reached skill level 10 in Axes
 11562 | D:9      | Found a burning altar of Makhleb.
 11771 | D:10     | Entered Level 10 of the Dungeon
 11807 | D:10     | Reached skill level 10 in Fighting
 11843 | D:10     | Found a staircase to the Orcish Mines.
 12262 | D:10     | Found a glowing silver altar of Zin.
 12263 | D:10     | Found an opulent altar of Gozag.
 12408 | D:10     | Reached skill level 10 in Armour
 13111 | D:11     | Reached XP level 11. HP: 91/101 MP: 10/10
 13189 | D:11     | Found a staircase to the Lair.
 13196 | D:11     | Reached skill level 9 in Shields
 13215 | D:11     | Noticed Snorg
 13240 | D:11     | Killed Snorg
 13867 | D:11     | Found the +8 Vampire's Tooth {vamp}
 14002 | D:11     | Noticed Urug
 14029 | D:11     | Killed Urug
 14288 | D:12     | Found Jioc Lurut's Weapon Shoppe.
 14517 | D:12     | Noticed Erolcha
 14529 | D:12     | Killed Erolcha
 14536 | D:12     | Noticed an eight-headed hydra
 14552 | D:12     | Killed an eight-headed hydra
 14685 | D:12     | Reached skill level 10 in Shields
 14755 | D:12     | Noticed a deep elf pyromancer
 14773 | D:12     | Killed a deep elf pyromancer
 14813 | D:12     | Noticed a red ugly thing
 14814 | D:12     | Noticed a brown ugly thing
 14869 | D:11     | Killed a brown ugly thing
 15180 | D:12     | Killed a red ugly thing
 15839 | D:5      | Killed Ceno's ghost
 16063 | D:13     | Noticed a centaur warrior
 16303 | D:13     | Identified a scroll of acquirement
 16303 | D:13     | Acquired the amulet "Selolurcho" {Reflect Fly rN+ SH+5}
 16411 | D:13     | Noticed an eight-headed hydra
 16422 | D:13     | Noticed a tengu warrior
 16424 | D:13     | Noticed a tengu warrior
 16487 | D:12     | Killed a tengu warrior
 16488 | D:12     | Reached XP level 12. HP: 85/110 MP: 11/11
 16728 | D:13     | Noticed a two-headed ogre
 16744 | D:13     | Killed a two-headed ogre
 16784 | D:13     | Killed a centaur warrior
 16851 | D:13     | Noticed a centaur warrior
 16880 | D:12     | Killed a tengu warrior
 17032 | D:13     | Killed a centaur warrior
 17033 | D:13     | Reached skill level 11 in Shields
 17137 | D:13     | Noticed a centaur warrior
 17142 | D:13     | Killed a centaur warrior
 17146 | D:13     | Killed an eight-headed hydra
 17316 | D:13     | You are sucked into a shaft and drop 2 floors!
 17316 | D:15     | Entered Level 15 of the Dungeon
 17390 | D:15     | Noticed a six-headed hydra
 17399 | D:15     | Killed a six-headed hydra
 17410 | D:15     | Found a portal to a secret trove of treasure.
 17471 | D:15     | Noticed a death knight
 17496 | D:15     | Killed a death knight
 17744 | D:14     | Noticed a death knight
 17784 | D:14     | Killed a death knight
 17844 | D:14     | Noticed a vault guard
 18052 | D:14     | Noticed a vault guard
 18062 | D:14     | Killed a vault guard
 18063 | D:14     | Reached XP level 13. HP: 114/119 MP: 12/12
 18128 | D:15     | Reached skill level 12 in Shields
 18429 | D:14     | Found a gate to the Vaults.
 20593 | D:14     | Found a hazy altar of Hepliaklqana.
 21194 | D:15     | Found a staircase to the Depths.
 21194 | D:15     | Noticed a dire elephant
 21754 | D:15     | Killed a dire elephant
 22011 | Orc:1    | Entered Level 1 of the Orcish Mines
 22028 | Orc:1    | Found a burning altar of Makhleb.
 22098 | Orc:1    | Noticed Fannar
 22162 | D:10     | Killed Fannar
 22163 | D:10     | Reached skill level 13 in Shields
 22779 | Orc:2    | Entered Level 2 of the Orcish Mines
 23129 | Orc:2    | Reached XP level 14. HP: 130/130 MP: 13/13
 23376 | Orc:2    | Reached ***** piety under Trog
 23867 | Orc:2    | Identified the +8 hand axe of Xofur {flame, rF+ Dex-2
                  | Stlth+} (Trog gifted it to you on level 2 of the Orcish
                  | Mines)
 23867 | Orc:2    | Received a gift from Trog
 23987 | Orc:2    | Found Fitz's Armour Boutique.
 23992 | Orc:2    | Bought a +1 cloak of preservation for 214 gold pieces
 24003 | Orc:2    | Bought a +2 pair of gloves of dexterity for 279 gold pieces
 24049 | Orc:2    | Paralysed by an orc sorcerer for 6 turns
 24110 | Orc:2    | Found Rexiveib's Antique Armour Shop.
 24133 | Orc:2    | Bought a pair of glowing gloves for 270 gold pieces
 24358 | Orc:2    | Noticed an orc warlord
 24391 | Orc:2    | Killed an orc warlord
 24607 | Orc:2    | Found Paxace's General Store.
 24650 | Orc:2    | Found Luraul's Book Emporium.
 24945 | Orc:2    | Reached skill level 10 in Dodging
 25348 | Orc:2    | Found a staircase to the Elven Halls.
 25470 | Orc:2    | Paralysed by an orc sorcerer for 6 turns
 25957 | Lair:1   | Entered Level 1 of the Lair of Beasts
 26087 | Lair:1   | Received a gift from Trog
 26289 | Lair:1   | Reached skill level 14 in Shields
 28567 | Lair:3   | Reached skill level 15 in Axes
 29114 | Lair:4   | Reached skill level 15 in Fighting
 29536 | Lair:4   | Found a staircase to the Snake Pit.
 29679 | Lair:4   | Reached XP level 15. HP: 141/141 MP: 14/14
 30111 | Lair:4   | Reached skill level 15 in Armour
 30169 | Lair:4   | Found a staircase to the Swamp.
 30379 | Lair:5   | Found a dark tunnel.
 30390 | Volcano  | Entered a volcano
 30596 | Volcano  | Reached ****** piety under Trog
 30619 | Volcano  | Found a radiant altar of Vehumet.
 30789 | Lair:5   | Found a gate leading to a gauntlet.
 30798 | Gauntlet | Entered a Gauntlet
 30798 | Gauntlet | Found a transporter.
 30798 | Gauntlet | Found a transporter.
 30798 | Gauntlet | Found a transporter.
 30810 | Gauntlet | Found a transporter.
 30813 | Gauntlet | Found a transporter.
 30822 | Gauntlet | Found a transporter.
 30824 | Gauntlet | Found a transporter.
 30832 | Gauntlet | Found a transporter.
 30852 | Gauntlet | Found a transporter.
 30870 | Gauntlet | Found a transporter.
 30874 | Gauntlet | Found a transporter.
 30884 | Gauntlet | Found a transporter.
 30974 | Gauntlet | Received a gift from Trog
 31184 | Gauntlet | Identified the ring "Wafeahur" {Will+ EV+4}
 32031 | Lair:5   | Found a runed translucent door.
 32035 | Lair:5   | Noticed Kae's ghost (journeyman DDFi)
 32050 | Lair:5   | Killed Kae's ghost
 32146 | Lair:6   | Entered Level 6 of the Lair of Beasts
 32267 | Lair:6   | Found a frozen archway.
 32276 | Lair:6   | Reached skill level 15 in Shields
 32310 | IceCv    | Entered an ice cave
 32595 | IceCv    | Received a gift from Trog
 32767 | IceCv    | Noticed a frost giant
 32787 | IceCv    | Killed a frost giant
 32795 | IceCv    | Reached skill level 1 in Evocations
 33403 | Lair:6   | Found a viscous altar of Jiyva.
 33404 | Lair:6   | Found a staircase to the Slime Pits.
 33593 | Lair:6   | Identified the +8 quarterstaff "Jibbo" {antimagic, rF++
                  | Int-3 Stlth+} (Trog gifted it to you on level 6 of the Lair
                  | of Beasts)
 33593 | Lair:6   | Received a gift from Trog
 33686 | Lair:6   | Reached XP level 16. HP: 151/151 MP: 15/15
 34188 | Swamp:1  | Entered Level 1 of the Swamp
 35595 | Swamp:2  | Received a gift from Trog
 35726 | Swamp:2  | Reached skill level 5 in Evocations
 36192 | Swamp:3  | Noticed a tentacled monstrosity
 36211 | Swamp:2  | Killed a tentacled monstrosity
 36496 | Swamp:3  | Noticed a thorn hunter
 36519 | Swamp:3  | Killed a thorn hunter
 36670 | Swamp:3  | Reached skill level 16 in Shields
 37499 | Swamp:4  | Entered Level 4 of the Swamp
 37703 | Swamp:4  | Reached XP level 17. HP: 160/160 MP: 16/16
 37776 | Swamp:4  | Received a gift from Trog
 38358 | Swamp:4  | Got a decaying rune of Zot
 38745 | Swamp:4  | Noticed Mara
 38746 | Swamp:4  | Noticed potato4science's illusion
 39095 | Swamp:4  | Noticed potato4science's illusion
 39308 | Swamp:4  | Killed Mara
 39309 | Swamp:4  | Reached skill level 17 in Shields
 39381 | Swamp:4  | Identified the +0 ring mail of Cuumonist {Rampage rC-
                  | Will+++ Regen+}
 39515 | Snake:1  | Entered Level 1 of the Snake Pit
 39997 | Snake:1  | Noticed Aizul
 40020 | Snake:1  | Killed Aizul
 40218 | Snake:1  | Found Ukonn's General Store.
 40226 | Snake:1  | Bought a potion of curing for 54 gold pieces
 41193 | Snake:2  | Received a gift from Trog
 41498 | Snake:2  | Reached XP level 18. HP: 156/172 MP: 17/17
 42261 | Snake:2  | Reached skill level 18 in Shields
 43207 | Snake:3  | Found Vatobur's Antique Armour Shop.
 43378 | Snake:3  | Noticed Vashnia
 43551 | Snake:3  | Identified the +6 battleaxe of Distant Worlds {vorpal, rF+
                  | rCorr Str-4} (Trog gifted it to you on level 3 of the Snake
                  | Pit)
 43551 | Snake:3  | Received a gift from Trog
 43806 | Snake:3  | Killed Vashnia
 44151 | Snake:3  | Identified Roxanne's Almanac of the Mountains
 44151 | Snake:3  | Noticed Roxanne
 44166 | Snake:3  | Killed Roxanne
 44787 | Snake:4  | Entered Level 4 of the Snake Pit
 44872 | Snake:4  | Reached skill level 19 in Shields
 45432 | Snake:4  | Noticed Louise
 45460 | Snake:4  | Killed Louise
 46326 | Snake:4  | Received a gift from Trog
 46439 | Snake:4  | Noticed Kirke
 46448 | Snake:4  | Killed Kirke
 46881 | Snake:4  | Reached XP level 19. HP: 174/183 MP: 18/18
 47322 | Snake:4  | Got a serpentine rune of Zot
 47680 | Elf:1    | Entered Level 1 of the Elven Halls
 47696 | Elf:1    | Found a radiant altar of Vehumet.
 48004 | Elf:1    | Reached skill level 20 in Shields
 48031 | Elf:1    | Acquired 658 gold pieces
 48151 | Elf:1    | Noticed Nikola
 48161 | Elf:1    | Killed Nikola
 48687 | Elf:1    | Found an ancient bone altar of Kikubaaqudgha.
 48703 | Elf:1    | Found an ancient bone altar of Kikubaaqudgha.
 48741 | Elf:1    | Received a gift from Trog
 49009 | Elf:1    | Found Woolost's Gadget Gallery.
 49269 | Elf:1    | Noticed a Tzitzimitl
 49878 | Elf:2    | Paralysed by an air elemental for 1 turns
 49882 | Elf:2    | Paralysed by an air elemental for 1 turns
 49887 | Elf:1    | Paralysed by an air elemental for 1 turns
 50868 | Elf:2    | Found a runed translucent gate.
 50869 | Elf:2    | Found a runed translucent gate.
 50869 | Elf:2    | Found a runed translucent gate.
 50992 | Elf:2    | Reached skill level 21 in Shields
 51015 | Elf:2    | Received a gift from Trog
 51454 | Elf:2    | Cast into level 3 of the Abyss (+2 executioner's axe of
                  | distortion)
 51467 | Abyss:3  | Lost intelligence.
 51487 | Abyss:3  | Gained mutation: You have an uncontrollable temper. [a
                  | neqoxec]
 51564 | Abyss:3  | Gained mutation: Your magical capacity is very low. (-20%
                  | MP) [a cacodemon]
 51906 | Abyss:3  | Received a gift from Trog
 51930 | Abyss:3  | Paralysed by accursed screaming for 1 turns
 51944 | Elf:2    | Escaped the Abyss
 52639 | Elf:2    | Reached XP level 20. HP: 182/193 MP: 17/17
 52732 | Elf:3    | Entered Level 3 of the Elven Halls
 52788 | Elf:3    | Found Mear's General Store.
 53085 | Elf:3    | Found Muxois's Magic Scroll Shop.
 53091 | Elf:3    | Bought a scroll of teleportation for 36 gold pieces
 53091 | Elf:3    | Bought a scroll of blinking for 90 gold pieces
 53091 | Elf:3    | Bought a scroll of teleportation for 36 gold pieces
 53194 | Elf:3    | Paralysed by an air elemental for 1 turns
 53815 | Elf:3    | Identified the +2 cloak of Gravity {rF+ MP+9 Str+3}
 53823 | Elf:3    | Identified the +8 triple crossbow of Doom {flame, rF+ rCorr
                  | Int+4}
 54115 | Elf:3    | Reached skill level 22 in Shields
 54174 | Elf:3    | Identified the +9 rapier of Dismemberment {venom, *Rage
                  | rF+++ SInv Stlth-}
 54186 | Elf:3    | Received a gift from Trog
 54448 | Elf:3    | Cast into level 2 of the Abyss (a deep elf sorcerer)
 54555 | Abyss:2  | Gained mutation: You are robust. (+10% HP) [a neqoxec]
 54951 | Elf:3    | Escaped the Abyss
 54955 | Elf:3    | Paralysed by an air elemental for 1 turns
 55280 | Elf:3    | Identified the +9 battleaxe "Widowmaker" {holy, rElec rF+
                  | rCorr}
 55286 | Elf:3    | Received a gift from Trog
 55869 | Elf:3    | Identified the +3 mace of Generosity {venom, Fragile rElec
                  | rPois Stlth+}
 55876 | Elf:3    | Identified the +2 shortbow of Ruoch {flame, rC+}
 56041 | Elf:3    | Identified the +2 pair of boots of Beos May {Dex+5}
 56056 | Elf:3    | Identified the +4 plate armour of Eternal Vigilance {rPois
                  | Will+ Int+3}
 56572 | Orc:2    | Bought a scroll of enchant weapon for 112 gold pieces
 56572 | Orc:2    | Bought the +1 pair of gloves of Distant Worlds {Str+5
                  | Int+4} for 531 gold pieces
 56572 | Orc:2    | Bought a scroll of magic mapping for 52 gold pieces
 56768 | Vaults:1 | Entered Level 1 of the Vaults
 56994 | Vaults:1 | Reached skill level 23 in Shields
 57019 | Vaults:1 | Reached XP level 21. HP: 224/224 MP: 17/17
 57066 | Vaults:1 | Received a gift from Trog
 57901 | Vaults:1 | Found Domamib's Antique Weapon Shoppe.
 57951 | Vaults:1 | Bought a masterwork war axe for 289 gold pieces
 57951 | Vaults:1 | Identified the +8 war axe of Umaop {vamp, rElec rC+} (You
                  | bought it in a shop on level 1 of the Vaults)
 58342 | Vaults:1 | Found Qykud's Armour Boutique.
 58584 | Vaults:2 | Received a gift from Trog
 58771 | Vaults:2 | Noticed Sojobo
 58772 | Vaults:2 | Reached skill level 15 in Dodging
 58784 | Vaults:2 | Identified the +5 short sword of Pain and Death {vorpal,
                  | rC- Int+2 Dex+5}
 58787 | Vaults:2 | Killed Sojobo
 58991 | Vaults:2 | Received a gift from Trog
 59136 | Vaults:2 | Reached skill level 24 in Shields
 59173 | Vaults:2 | Found a runed translucent door.
 59173 | Vaults:2 | Noticed Jed's ghost (veteran HOFi)
 59628 | Vaults:2 | Reached XP level 22. HP: 235/235 MP: 18/18
 59881 | Vaults:2 | Killed Jed's ghost
 59886 | Vaults:2 | Identified the +0 robe of Dyloakhe {Fly rCorr}
 60314 | Vaults:3 | Received a gift from Trog
 60755 | Vaults:3 | Found Mail's General Store.
 60891 | Vaults:3 | Identified the +9 scimitar of the Blind Eye {vamp, rN+
                  | rCorr}
 61194 | Vaults:3 | You are sucked into a shaft and drop 1 floor!
 61221 | Vaults:4 | Received a gift from Trog
 61427 | Vaults:4 | Found Lausalasut's Antique Weapon Emporium.
 61443 | Vaults:4 | Bought a runed fustibalus for 648 gold pieces
 62033 | Vaults:3 | Found a staircase to the Crypt.
 62261 | Vaults:4 | Reached skill level 1 in Slings
 62544 | Vaults:4 | Received a gift from Trog
 62558 | Vaults:4 | Reached skill level 25 in Shields
 63183 | Vaults:5 | Entered Level 5 of the Vaults
 63197 | Vaults:4 | Reached XP level 23. HP: 228/244 MP: 19/19
 63280 | Vaults:4 | Reached skill level 5 in Slings
 63470 | Vaults:5 | Received a gift from Trog
 63629 | Vaults:5 | Identified the +8 great sword of Eviriru {spect, Will+}
 63635 | Vaults:5 | Noticed Jory
 64023 | Vaults:5 | HP: 11/246 [titan/the air (16)]
 64024 | Vaults:5 | Demolished by a phantasmal warrior

Illustrated notes

Levels and vault maps discovered:
D:1:      tarquinn_simple_flora_water_a, layout_loops_corners
D:2:      layout_rooms
D:3:      layout_rooms, ebering_ghost_sewer_f,
          shapermc_ecumenical_altar_acropolis
D:4:      layout_basic, mainiacjoe_overflow_tiny_flanked,
          grunt_temple_overflow_open
D:5:      layout_loops_cross, ebering_ghost_sewer_d, serial_glass,
          glass_columns_a, glass_columns_b, glass_columns_a, glass_columns_a,
          glass_columns_b, glass_columns_a, glass_columns_a, glass_columns_a,
          due_unseen_surprise, uniq_sigmund
D:6:      layout_cave_pools, minmay_circle_x
D:7:      layout_loops_ring, elyvilon_altar_4, minmay_temple_entry_fiery,
          serial_bayou_pond_d, chequers_garden, minivault_10,
          kennysheep_flooded_box, item_on_display_a, uniq_harold
D:8:      layout_basic, nicolae_uskayaw_dance_studio, special_room
          [special_room_orc], minmay_misc_feat_secret_circle,
          minmay_mini_ossuary, uniq_joseph
D:9:      layout_loops_cross, grunt_dithmenos_shadows, lightli_temple_of_fire,
          minmay_misc_feat_diagonals
D:10:     layout_layer_cave, grunt_temple_overflow_gold_and_silver, david_orc_3
D:11:     layout_irregular_city, lair_entry_dummy,
          minmay_guarded_unrand_vampires_tooth, uniq_snorg, uniq_urug
D:12:     layout_gridville, nicolae_stop_n_shop_2, uniq_erolcha
D:13:     layout_stronghold, st_stairs_11, kennysheep_big_empty_room
D:14:     layout_roguey, erik_vaults_2, nicolae_hepliaklqana_hippocampus
D:15:     hangedman_depths_entry_try_elsewhere_first, layout_loops_ring,
          enter_trove_2, lemuel_flame_loot_1
Temple:   nicolae_temple_hex_pool
Lair:1:   layout_layer_cave
Lair:2:   layout_layer_cave, grunt_megastairs_2
Lair:3:   layout_loops_ring, cheibrodos_lair_caveside_slide, st_stairs_7
Lair:4:   layout_regular_city, palyth_hydra_swamp_entry,
          minmay_snake_entry_guardpost_medium
Lair:5:   layout_hall_layers, gauntlet_entry_generic,
          nicolae_volcano_entry_lava_flow, ebering_ghost_reflecting_pool
Lair:6:   minmay_lair_end_frog_pond, layout_gridlike,
          dpeg_slime_entry_enclosed_altar, portal_ice_cave_demonic_guard,
          serial_bayou_shore_a
Swamp:1:  layout_basic_swamp, evilmike_swamp_ruin_house_6
Swamp:2:  layout_falls_marsh, evilmike_swamp_ruin_rubble_1
Swamp:3:  layout_basic_swamp, evilmike_swamp_ruin_house_1
Swamp:4:  swamp_basic_johnstein, layout_basic_swamp, swamp_pool3, uniq_mara
Snake:1:  layout_concentric_octagons, serial_shops, nicolae_shop_crystal,
          nicolae_snake_ghostly_warrior_ritual, uniq_aizul
Snake:2:  layout_chambers, grunt_megastairs_1
Snake:3:  layout_misc_corridors, serial_shops, shop, uniq_roxanne, uniq_vashnia
Snake:4:  grunt_snake_rune_pools, layout_rooms, nicolae_snake_slithery_hallway,
          nicolae_snake_gridmaze_squiggle, nicolae_snake_serpentine_hallways,
          uniq_kirke, uniq_louise
Orc:1:    nicolae_orc_accident_3, layout_diamond_mine, basic_altar, uniq_fannar
Orc:2:    pubby_orc_utopia
Elf:1:    eino_elf_arrival_altar, layout_onion_city, minmay_elf_demonology,
          hangedman_elf_simple_split, nicolae_shop_gadgets, uniq_nikola
Elf:2:    nicolae_elf_blades_crystal_corner, layout_loops_ring,
          hangedman_elven_ridges
Elf:3:    minmay_elf_hall_four_x, layout_rooms, serial_shops, shop, shop
Vaults:1: nicolae_vaults_circle_grid_a, grunt_vaults_trifunnel, v_pattern_5,
          vaults_room_hallway, vaults_standard_mumra_x,
          nicolae_vaults_display_case, grunt_vaults_twisty,
          nicolae_vaults_triangles, v_misc_23, vaults_dpeg_cross, v_misc_33,
          nicolae_vaults_little_squares_3, vaults_mumra_chevron_long,
          nicolae_vaults_circle_grid_b, layout_vaults_omnibox, serial_shops,
          nicolae_shop_crystal, shop
Vaults:2: gammafunk_vaults_ghost_grave, v_misc_18, vaults_dpeg_diagonal,
          nicolae_vaults_windows_and_doors_thing,
          nicolae_vaults_network_quinsquares
          [nicolae_vaults_network_quincunx_subvault,
          nicolae_vaults_network_quincunx_subvault,
          nicolae_vaults_network_quincunx_subvault,
          nicolae_vaults_network_quincunx_subvault], v_misc_27,
          vaults_room_fours, hangedman_vaults_hat, special_room_vaults
          [special_room_orc], layout_vaults_big_room, uniq_sojobo
Vaults:3: hangedman_vaults_stagger, v_alt_pattern_4, v_misc_16,
          blue_anna_dwarven_crypt, vaults_room_fours, nicolae_vaults_big_ls,
          ontoclasm_vaults_loading_screen, grunt_vaults_funnel,
          nicolae_vaults_holding_cells, nicolae_vaults_ring_of_whatevers,
          layout_vaults_omnigrid, serial_shops, shop
Vaults:4: grunt_vaults_focal, v_misc_30, v_rooms_2, vaults_room_ringed_pool,
          v_misc_30, nicolae_vaults_twisting_passages, nicolae_vaults_alarming,
          grunt_vaults_swirl, vaults_room_semicircle, vaults_dpeg_spiral,
          nicolae_vaults_gold_heap, layout_vaults_ring, serial_shops,
          nicolae_shop_temple_entry_statues_fountains
Vaults:5: uniq_jory

Skill      XL: |  1  2  3  4  5  6  7  8  9 10 11 12 13 14 15 16 17 18 19 20 21 22 23 |
---------------+----------------------------------------------------------------------+-----
Fighting       | 4 5 6 7 9 10 11 12 13 15 16 18 19 20 21 22 | 22.5
Axes           | 4 5 6 7 9 10 11 12 14 15 16 17 18 | 18.0
Armour         | 3 4 5 6 7 8 10 11 12 13 14 15 16 18 19 20 21 22 | 22.4
Dodging        | 3 4 5 6 7 8 9 10 11 12 15 17 | 17.1
Shields        | 2 3 5 7 8 10 11 13 14 15 16 17 19 21 23 24 25 | 25.0
Evocations     | 2 5 6 |  6.3
Slings         | 4 6 |  6.8

Action                   |  1- 3 |  4- 6 |  7- 9 | 10-12 | 13-15 | 16-18 | 19-21 | 22-24 || total
-------------------------+-------+-------+-------+-------+-------+-------+-------+-------++-------
Melee: Hand axe          |    91 |    49 |       |       |  1092 |   561 |       |       ||  1793
       Headbutt          |    13 |    23 |    66 |   194 |   395 |   310 |   342 |   204 ||  1547
       War axe           |       |    99 |   213 |   257 |   321 |       |       |       ||   890
       Quick blade       |       |       |       |   450 |   268 |       |       |       ||   718
       Broad axe         |       |       |       |       |       |   706 |  1301 |   537 ||  2544
 Fire: Fustibalus        |       |       |       |       |       |       |       |     2 ||     2
Throw: Stone             |       |     2 |       |     7 |       |       |       |       ||     9
       Javelin           |       |       |       |       |     1 |     4 |       |       ||     5
Invok: Trog's Hand       |       |     3 |     2 |     2 |       |     1 |     5 |     3 ||    16
       Berserk           |       |     3 |     2 |     2 |       |       |       |       ||     7
       Brothers in Arms  |       |       |       |     8 |     2 |     4 |    10 |     5 ||    29
Evoke: Wand              |       |       |     1 |     3 |     1 |       |       |       ||     5
  Use: Potion            |       |     1 |       |     4 |     1 |       |     4 |     6 ||    16
       Scroll            |       |       |    11 |    12 |     9 |    10 |     6 |     1 ||    49
 Stab: Distracted        |       |       |       |       |       |     1 |       |     1 ||     2
Armor: Animal skin       |     5 |       |       |       |       |       |       |       ||     5
       Chain mail        |    41 |    82 |       |    31 |   139 |       |       |       ||   293
       Plate armour      |       |    14 |   123 |   282 |   204 |   363 |   176 |   118 ||  1280
       Skin              |       |       |       |       |       |       |       |     3 ||     3
Dodge: Dodged            |    46 |    90 |    75 |   279 |   313 |   336 |   231 |   135 ||  1505
Block: Buckler           |       |     8 |    60 |   147 |       |       |       |       ||   215
       Kite shield       |       |       |       |   191 |    30 |       |       |       ||   221
       Reflection        |       |       |       |    13 |    32 |   176 |   149 |    51 ||   421
       Tower shield      |       |       |       |       |  1609 |  1731 |  1271 |   661 ||  5272
